 Dungeon Crawl Stone Soup version 0.26-a0-661-g406de6ba63 (webtiles) character file.

Game seed: 12468413724981977463

145 tacoguy the Ruffian (level 5, -1/53 HPs)
             Began as a Troll Monk on Oct 8, 2020.
             Slain by Grinder (4 damage)
             ... on level 3 of the Dungeon.
             The game lasted 00:07:25 (1745 turns).

tacoguy the Ruffian (Troll Monk)                    Turns: 1745, Time: 00:07:25

Health: -1/53      AC:  7    Str: 20    XL:     5   Next: 6%
Magic:  13/13      EV:  6    Int:  8    God:
Gold:   140        SH: 11    Dex: 12    Spells: 4/4 levels left

rFire    . . .     SeeInvis .     - Unarmed
rCold    + . .     Faith    .   o - +0 tower shield
rNeg     . . .     Spirit   .   a - +0 robe
rPois    .         Reflect  .   (helmet restricted)
rElec    .         Harm     .   m - +0 cloak
rCorr    .         Rampage  .   (gloves unavailable)
MR       .....                  (boots unavailable)
Stlth    ++........             (no amulet)
HPRegen  0.57/turn              l - ring of magical power
MPRegen  0.13/turn              p - ring of protection from cold

@: no status effects
A: large, unfitting armour, antennae 1, claws 3, clever 1, regeneration 1,
shaggy fur 1, tough skin 3
a: no special abilities


You were on level 3 of the Dungeon.
You visited 1 branch of the dungeon, and saw 3 of its levels.

You collected 140 gold pieces.

Inventory:

Armour
 a - a +0 robe (worn)
 m - a +0 cloak (worn)
 o - a +0 tower shield (worn)
Jewellery
 l - a ring of magical power (left claw)
 p - a ring of protection from cold (right claw)
Scrolls
 b - 2 scrolls of remove curse {unknown}
 c - 2 scrolls of teleportation {unknown}
 d - 4 scrolls of identify {unknown}
 e - 3 scrolls of amnesia {unknown}
 f - a scroll of noise {unknown}
 g - a scroll of fog {unknown}
 i - a scroll of magic mapping {unknown}
 k - a scroll of random uselessness {unknown}
Potions
 n - a potion of berserk rage {unknown}


   Skills:
 + Level 3.1 Fighting
 + Level 1.6 Armour
 + Level 3.2 Dodging
 - Level 1.0 Stealth
 + Level 3.9 Unarmed Combat


You had 4 spell levels left.
You didn't know any spells.
Your spell library was empty.

Dungeon Overview and Level Annotations

Branches:
Dungeon (3/15)

Altars:
Cheibriados
Okawaru

Annotations:
D:3 Grinder


Innate Abilities, Weirdness & Mutations

You are too large for most types of armour.
You have claws for hands.
Your natural rate of healing is unusually fast.
You are covered in fur. (AC +1)
You have extremely tough skin. (AC +3)
You have a pair of small antennae on your head.
Your mind is acute. (Int +2)


Message History

Grinder grins, showing sharp teeth.
Grinder blinks!
You block the orc priest's attack.
The orc priest looks braver for a moment.
Found a scroll labeled EBBIOV IRAULA.
The orc priest mumbles some strange prayers to Beogh against you.
Pain shoots through your body!
* * * LOW HITPOINT WARNING * * *
Grinder blinks!
The orc priest casts a cantrip, but nothing happens.
The orc priest mumbles some strange prayers to Beogh against you.
Beogh smites you!
* * * LOW HITPOINT WARNING * * *
Grinder says, "You look like you could use a good racking."
You block the orc priest's attack.
You claw the orc priest!
You kill the orc priest!
You have reached level 5!
Grinder hits you.
You die...

..........######
..####.##......########
...###.##.####........##
##.....##.####..####...
#.######.##.......#..###
##.# ####.##.#..##......
...# #..........# #..#
####
#.##.......####..###.#
.#
#.##.#..##)@......?..#
(#
#.##....##5###########
.# #.##.#.###.#
.#####.##...###.#
................#
.....#.####.##...
...............##
.######### .### ...# .


You could see Grinder.

Vanquished Creatures
  An orc priest (D:3)
  An orc wizard (D:3)
  An adder (D:3)
  An ooze (D:1)
  A dart slug (D:1)
  A worm (D:3)
  A leopard gecko (D:1)
  3 orcs (D:3)
  2 ball pythons (D:1)
  3 giant cockroaches
  9 hobgoblins
  3 jackals (D:1)
  7 bats
  2 frilled lizards
  12 goblins
  4 kobolds
  9 rats
61 creatures vanquished.

Notes
Turn   | Place    | Note
-------+----------+-------------------------------------------
     0 | D:1      | tacoguy the Troll Monk began the quest for the Orb.
     0 | D:1      | Reached XP level 1. HP: 22/22 MP: 0/0
    52 | D:1      | Reached XP level 2. HP: 25/29 MP: 1/1
   304 | D:1      | Reached XP level 3. HP: 36/36 MP: 2/2
   662 | D:2      | Reached skill level 1 in Armour
   710 | D:2      | Found an iron altar of Okawaru.
   816 | D:2      | Found a snail-covered altar of Cheibriados.
  1554 | D:3      | Reached XP level 4. HP: 44/44 MP: 3/3
  1698 | D:3      | Noticed Grinder
  1711 | D:3      | Gained mutation: Your mind is acute. (Int +2) [potion of
                  | mutation]
  1711 | D:3      | Gained mutation: You have a pair of small antennae on your
                  | head. [potion of mutation]
  1742 | D:3      | HP: 1/45 [orc priest/divine providence (9)]
  1745 | D:3      | Reached XP level 5. HP: 2/53 MP: 4/4
  1745 | D:3      | Slain by Grinder

Illustrated notes

Levels and vault maps discovered:
D:1:      psy_arrival_whirlpool, layout_rooms, minmay_heptomino_o4
D:2:      layout_basic, old_standard_altar, cheibriados_altar_1
D:3:      layout_loops_cross, minmay_close_crescents, uniq_grinder

Skill      XL: |  1  2  3  4 |
---------------+-------------+-----
Armour         | 1 |  1.6
Dodging        | 3 |  3.2
Fighting       | 3 |  3.1
Stealth        | |  1.0
Unarmed Combat | |  3.9

Action                   |  1- 3 |  4- 6 || total
-------------------------+-------+-------++-------
Melee: Unarmed           |   118 |    39 ||   157
       Punch             |     1 |       ||     1
  Use: Potion            |       |     3 ||     3
Armor: Robe              |    77 |    11 ||    88
Dodge: Dodged            |    92 |     7 ||    99
Block: Tower shield      |    14 |    25 ||    39

Table legend: (Time is in decaauts)
 A = Elapsed time spent in this place.
 B = Non-inter-level travel time spent in this place.
 C = Inter-level travel time spent in this place.
 D = Time resting spent in this place.
 E = Time spent auto-exploring this place.
 F = Levels seen in this place.
 G = Mean time per level.
                   A        B        C        D        E       F      G
               +--------+--------+--------+--------+--------+-----+--------+
         Total |   1745 |   1497 |    248 |     43 |    759 |   3 |  581.7 |
       Dungeon |   1745 |   1497 |    248 |     43 |    759 |   3 |  581.7 |
               +--------+--------+--------+--------+--------+-----+--------+

Top non-repeatable levels by time:
     D:2: 861 daAuts
     D:1: 650 daAuts
     D:3: 232 daAuts
